 Dungeon Crawl Stone Soup version 0.18.1-48-g4cf74bf (webtiles) character file.

2802 Joat the Purveyor of Pain (level 9, -2/45 HPs)
             Began as a Vine Stalker Necromancer on Aug 21, 2016.
             Was an Initiate of Kikubaaqudgha.
             Killed from afar by a manticore (18 damage)
             ... with a volley of spikes
             ... on level 7 of the Dungeon.
             The game lasted 00:54:52 (6893 turns).

Joat the Purveyor of Pain (VSNe)                    Turns: 6893, Time: 00:54:52

Health: -2/45      AC:  3    Str: 14    XL:     9   Next: 71%
Magic:  0/19       EV: 14    Int: 16    God:    Kikubaaqudgha [......]
Gold:   327        SH:  5    Dex: 14    Spells: 4 memorised, 9 levels left

rFire  . . .     SeeInvis .     f - +0 blowgun
rCold  . . .     Gourm    .     a - +0 robe
rNeg   . . .     Faith    .     C - +0 buckler
rPois  .         Spirit   +     (no helmet)
rElec  .         Dismiss  .     (no cloak)
rCorr  .         Reflect  .     t - +0 pair of gloves
SustAt .         Harm     .     M - -1 pair of boots (curse)
MR     +....                    (no amulet)
Stlth  ++........               (no ring)
                                h - ring of flight

@: manticore barbs, very slightly contaminated, regenerating (expiring),
somewhat resistant to hostile enchantments, unstealthy
A: fangs 3, regeneration 2, magic shield, antimagic bite, no device heal 3, rot
immunity
a: Renounce Religion, Evoke Flight


You were on level 7 of the Dungeon.
You worshipped Kikubaaqudgha.
Kikubaaqudgha was noncommittal.
You were near starving.

You visited 2 branches of the dungeon, and saw 8 of its levels.

You collected 327 gold pieces.

Inventory:

Hand Weapons
 f - a +0 blowgun (weapon)
 g - a +0 dagger
 m - a +0 spear
 p - a +0 dagger of venom
 A - a +0 dagger of speed
 N - a +1 dagger of protection
Missiles
 v - 40 poisoned needles (quivered)
Armour
 a - a +0 robe (worn)
 t - a +0 pair of gloves (worn)
 C - a +0 buckler (worn)
 M - a cursed -1 pair of boots (worn)
Jewellery
 h - a ring of flight (left hand)
Wands
 D - a wand of slowing (24/48)
 F - a wand of slowing (26/48)
Scrolls
 n - 3 scrolls of recharging
 o - 2 scrolls of identify
 r - 2 scrolls of magic mapping {unknown}
 w - 3 scrolls of remove curse {unknown}
 x - 2 scrolls of enchant weapon {unknown}
 y - 2 scrolls of random uselessness
 G - 2 scrolls of fear {unknown}
 L - a scroll of amnesia
Potions
 d - 2 potions of degeneration {unknown}
 i - 3 potions of brilliance {unknown}
 j - 2 potions of lignification {unknown}
 k - 2 potions of magic {unknown}
 l - 2 potions of ambrosia {unknown}
 q - 2 potions of flight {unknown}
 u - a potion of haste {unknown}
 E - a potion of mutation {unknown}
 H - a potion of curing {unknown}
 I - 2 potions of heal wounds {unknown}
 K - a potion of resistance {unknown}
Books
 b - a book of Necromancy

   Spells                             Type                      Level
   a - Pain                           Necromancy                   1
   b - Animate Skeleton               Necromancy                   1
   c - Vampiric Draining              Necromancy                   3
   d - Regeneration                   Charms/Necromancy            3
   e - Animate Dead                   Necromancy                   4
   f - Control Undead                 Necromancy                   4
Comestibles
 c - 6 bread rations
 B - a slice of pizza
 J - a beef jerky


   Skills:
 + Level 3.9 Fighting
 + Level 3.7 Short Blades
 + Level 4.8 Dodging
 - Level 2.4 Stealth
 - Level 4.0 Shields
 + Level 6.0 Spellcasting
 + Level 3.9 Charms
 + Level 6.6 Necromancy


You had 9 spell levels left.
You knew the following spells:

 Your Spells              Type           Power        Failure   Level  Hunger
a - Pain                  Necr           ####         1%          1    None
q - Regeneration          Chrm/Necr      ###.......   6%          3    ##.....
w - Animate Dead          Necr           N/A          12%         4    ####...
z - Vampiric Draining     Necr           ####......   2%          3    ##.....


Dungeon Overview and Level Annotations

Branches:
Dungeon (7/15)             Temple (1/1) D:7

Altars:
Ashenzari
Cheibriados
Dithmenos
Elyvilon
Fedhas
Gozag
Kikubaaqudgha
Makhleb
Nemelex Xobeh
Okawaru
Pakellas
Qazlal
Ru
Sif Muna
Trog
Vehumet
Xom
Zin

Shops:
D:3 *   D:5 =   D:6 }

Annotations:
D:3 1 exclusion
D:5 ThereIsNoGod's ghost, novice MiGl


Innate Abilities, Weirdness & Mutations

You have razor-sharp teeth.
You heal very quickly.
When hurt, damage is shared between your health and your magic reserves.
Your bite disrupts and absorbs the magic of your enemies.
Potions and wands cannot restore your health.
You are immune to rotting.


Message History

Read which item? (? for menu, Esc to quit)
Okay, then.
Unknown command.
Unknown command.
Unknown command.
Firing (i - inventory):
v - 40 poisoned needles (quivered)
Press: ? - help, Shift-Dir - straight line
Okay, then.
You carefully extract the manticore spikes from your body.
Your skin is crawling a little less now.
Read which item? (? for menu, Esc to quit)
As you read the scroll labeled PAIMAU POLI, it crumbles to dust.
It is a scroll of identify.
Identify which item? (\ to view known items) (? for menu, Esc to quit)
n - 3 scrolls of recharging The manticore flicks its tail.
The volley of spikes hits you!
The barbed spikes become lodged in your body.
You die...
Kikubaaqudgha rasps: "You have failed me!
Welcome... death!"

...... #.# #.# # ......
..# #.# #...### #.# #.#
##### #..... #.# #.#
...<.. ..#
#.######.#########(#
#### ##..
...#......H....H§.a.#
#.#
#.#.#.#....###########
..# .................#
#Z###..##.###...@####.#
##........# ####.# #.#
### ##.#..### #.# #.#
#.. ###.#..# #.# #.#
#.# ..[....# #.#
#.#########.# .##.####
#.# #........##.# ###.#
#.# ########.##.# ..#
#.# #.##.# .## #.##.#


You could see a manticore.

Vanquished Creatures
  The ghost of damerell the Chopper, a novice NaSk of Okawaru (D:4)
  Grinder (D:5)
  A hippogriff (D:6)
  An orc warrior (D:7)
  A black bear (D:7)
  3 ice beasts
  A necrophage (D:7)
  A wasp (D:7)
  3 ogres
  2 phantoms (D:6)
  Blork the orc (D:6)
  4 crimson imps (D:3)
  3 jellies
  2 hounds (D:6)
  2 giant frog skeletons
  3 iguanas
  3 orc priests
  Jessica (D:3)
  Ijyb (D:2)
  7 orc wizards
  4 worker ants
  A hound skeleton (D:4)
  A howler monkey skeleton (D:4)
  7 adders
  An ooze (D:2)
  An adder zombie (D:5)
  3 worms
  3 dart slugs
  7 giant geckos
  15 orcs
  A ball python (D:2)
  6 bats
  8 giant cockroaches
  8 goblins
  7 hobgoblins
  2 quokkas
  4 giant newts
  8 kobolds
  A quokka skeleton (D:6)
  8 rats
  4 butterflies (D:7)
142 creatures vanquished.

Vanquished Creatures (collateral kills)
  A shadow imp (D:6)
  2 orcs
  A giant newt (D:7)
  A quokka skeleton (D:7)
5 creatures vanquished.

Grand Total: 147 creatures vanquished

Notes
Turn   | Place    | Note
--------------------------------------------------------------
     0 | D:1      | Joat the Vine Stalker Necromancer began the quest for the Orb.
     0 | D:1      | Reached XP level 1. HP: 9/9 MP: 4/4
    86 | D:1      | Reached XP level 2. HP: 13/13 MP: 2/6
   552 | D:1      | Reached XP level 3. HP: 14/16 MP: 5/8
   582 | D:1      | Learned a level 3 spell: Vampiric Draining
   846 | D:2      | Found a sacrificial altar of Ru.
   877 | D:2      | Reached XP level 4. HP: 17/21 MP: 2/9
   949 | D:2      | Noticed Ijyb
   957 | D:2      | Killed Ijyb
  1028 | D:2      | Learned a level 3 spell: Regeneration
  1174 | D:2      | Found a white marble altar of Elyvilon.
  1301 | D:2      | Reached XP level 5. HP: 24/24 MP: 11/11
  1359 | D:3      | Found an iron altar of Okawaru.
  1434 | D:3      | Noticed Jessica
  1445 | D:3      | Killed Jessica
  1517 | D:3      | Found a faded altar to an unknown god.
  1711 | D:3      | Found a shimmering altar of Xom.
  1888 | D:3      | Gained mutation: You heal very quickly. [Vine Stalker growth]
  1888 | D:3      | Reached XP level 6. HP: 26/29 MP: 10/13
  1948 | D:3      | Found Zin's Purification Station.
  1951 | D:3      | Found a glowing silver altar of Zin.
  1968 | D:3      | Reached skill level 1 in Short Blades
  1972 | D:3      | Reached skill level 1 in Fighting
  1972 | D:3      | Reached skill level 5 in Necromancy
  2726 | D:4      | Noticed damerell's ghost (novice NaSk)
  2901 | D:4      | Reached skill level 1 in Charms
  2967 | D:4      | Found a snail-covered altar of Cheibriados.
  2968 | D:4      | Found a sparkling altar of Nemelex Xobeh.
  3026 | D:5      | Entered Level 5 of the Dungeon
  3086 | D:5      | Noticed ThereIsNoGod's ghost (novice MiGl)
  3156 | D:5      | Reached XP level 7. HP: 26/33 MP: 10/14
  3263 | D:5      | Found Hoekh's Jewellery Boutique.
  3336 | D:5      | Noticed Grinder
  3629 | D:4      | Reached skill level 1 in Shields
  3792 | D:5      | Killed Grinder
  3792 | D:5      | Gained mutation: You have razor-sharp teeth. [Vine Stalker growth]
  3792 | D:5      | Reached XP level 8. HP: 16/39 MP: 9/16
  3799 | D:5      | Learned a level 4 spell: Animate Dead
  4143 | D:4      | Killed damerell's ghost
  4143 | D:4      | Reached skill level 5 in Spellcasting
  4181 | D:5      | Found a shattered altar of Ashenzari.
  5073 | D:6      | Reached XP level 9. HP: 36/43 MP: 18/18
  5285 | D:6      | Found Elasepsofu's Gadget Shoppe.
  5475 | D:6      | Found a shadowy altar of Dithmenos.
  5549 | D:6      | Noticed Blork the orc
  5558 | D:6      | Killed Blork the orc
  6224 | D:7      | Noticed a manticore
  6718 | D:7      | Found a staircase to the Ecumenical Temple.
  6724 | Temple   | Entered the Ecumenical Temple
  6768 | Temple   | Became a worshipper of Kikubaaqudgha
  6893 | D:7      | Killed from afar by a manticore

Skill      XL: |  1  2  3  4  5  6  7  8  9 |
---------------+----------------------------+-----
Dodging        | 2 3 4 |  4.8
Spellcasting   | 3 4 5 6 |  6.0
Short Blades   | 1 2 3 |  3.7
Fighting       | 1 2 3 |  3.9
Necromancy     | 5 6 |  6.6
Charms         | 1 2 3 |  3.9
Shields        | 1 3 4 |  4.0
Stealth        | |  2.4

Action                   |  1- 3 |  4- 6 |  7- 9 || total
-------------------------+-------+-------+-------++-------
Melee: Unarmed           |     4 |       |       ||     4
       Bite              |    14 |    46 |   118 ||   178
       Dagger            |    38 |   155 |   394 ||   587
       Spear             |    25 |     6 |       ||    31
 Fire: Blowgun           |       |       |     3 ||     3
Throw: Javelin           |       |       |    11 ||    11
 Cast: Pain              |    21 |    24 |    27 ||    72
       Vampiric Draining |     1 |    10 |    29 ||    40
       Regeneration      |       |     1 |    23 ||    24
       Animate Dead      |       |       |    10 ||    10
Evoke: Wand              |       |       |     1 ||     1
  Use: Scroll            |       |       |     6 ||     6
 Stab: Sleeping          |     1 |     4 |     3 ||     8
       Invisible         |       |     3 |       ||     3
       Distracted        |       |       |     1 ||     1
  Eat: Chunk             |       |     6 |     7 ||    13
       Meat ration       |       |     1 |     1 ||     2
       Fruit             |       |       |     3 ||     3
Armor: Robe              |    24 |    37 |    29 ||    90
Dodge: Dodged            |    56 |   120 |   153 ||   329
Block: Buckler           |       |       |    44 ||    44
